 Dungeon Crawl Stone Soup version 0.14-a0-2848-g1d0399b (webtiles) character file.

1692 MackTheKnife the Basher (level 8, -3/74 HPs)
             Began as a Minotaur Fighter on Feb 27, 2014.
             Was a Believer of Zin.
             Slain by an orc warrior
             ... wielding a +0,+0 halberd
              (12 damage)
             ... on Level 6 of the Dungeon.
             The game lasted 00:09:55 (5561 turns).

MackTheKnife the Basher (Minotaur Fighter)          Turns: 5561, Time: 00:09:55

HP  -3/74        AC  8     Str 20      XL: 8   Next: 42%
MP   3/3         EV  6     Int  5      God: Zin [**....]
Gold 289         SH 19     Dex 13      Spells:  0 memorised,  7 levels left

rFire  . . .     SeeInvis .     j - +2,+3 flail (curse)
rCold  . . .     Clarity  .     b - +0 scale mail
rNeg   + . .     Conserve .     c - +0 shield
rPois  .         rCorr    .     (helmet restricted)
rElec  .         rRot     .     (no cloak)
SustAb + .       Spirit   .     (no gloves)
rMut   .         Warding  +     B - +0 pair of boots
Saprov . . .     Stasis   .     o - cursed amulet of warding
MR     .....                    (no ring)
                                E - cursed ring of sustain abilities

@: not resistant to hostile enchantments, extremely unstealthy
A: retaliatory headbutt, horns 2
a: Recite, Vitalisation, Renounce Religion


You were on level 6 of the Dungeon.
You worshipped Zin.
Zin was pleased with you.
You were not hungry.

You visited 2 branches of the dungeon, and saw 7 of its levels.
You also visited: Ossuary.

You collected 321 gold pieces.
You donated 32 gold pieces.


Innate Abilities, Weirdness & Mutations

You reflexively headbutt those who attack you in melee.
You have a pair of horns on your head.


   Skills:
 + Level 7.6 Fighting
 - Level 10.0 Maces & Flails
 - Level 5.1 Armour
 - Level 3.6 Shields


You had 7 spell levels left.
You didn't know any spells.

Inventory:

Hand weapons
 j - a cursed +2,+3 flail (weapon)
Armour
 b - a +0 scale mail (worn)
 c - a +0 shield (worn)
 B - a +0 pair of boots (worn)
Magical devices
 t - a wand of enslavement (10)
 y - a wand of paralysis (11)
 A - a wand of flame (5)
Comestibles
 d - 6 bread rations
 s - a meat ration
 D - a choko
Scrolls
 e - 3 scrolls of teleportation
 k - 2 scrolls of random uselessness {unknown}
 m - 3 scrolls of fear
 p - a scroll of enchant weapon II
 r - 2 scrolls of remove curse
 u - 6 scrolls of identify
 v - 2 scrolls of amnesia
 C - a scroll of fog
Jewellery
 o - a cursed amulet of warding (around neck)
 w - an uncursed ring of wizardry
 x - an uncursed ring of fire
 E - a cursed ring of sustain abilities (left hand)
Potions
 f - 2 potions of heal wounds
 g - 2 potions of confusion {unknown}
 h - 9 potions of curing
 i - a potion of agility {unknown}
 l - a potion of invisibility
 n - a potion of magic {unknown}
 q - a potion of poison {unknown}
 z - a potion of beneficial mutation {unknown}
Books
 a - a Grand Grimoire {highlevel, unknown}

   This book is beyond your current level of understanding.

   Spells                             Type                      Level
   Demonic Horde                      Summoning                    6
   Mass Abjuration                    Summoning                    6
   Haunt                              Necromancy/Summoning         7
   Summon Greater Demon               Summoning                    7
   Malign Gateway                     Summoning/Translocation      7
   Summon Horrible Things             Summoning                    8
   Zin opposes the use of such an unholy item.

▒·· ▒▒ ··· ▒<· ····
▒···· ▒·· ····· ▒·····
▒·· ······ ▒······ ▒··
······▒▒▒▒▒▒▒·)···· ▒··
▒·······)(············▒
▒·· ▒·······o······▒
▒···▒ ▒··
▒·······Z·H····▒ ▒···▒
▒·· ········▒▒▒▒··▒
▒···▒ ▒·· ········▒
▒··▒ ▒···▒ ▒··
▒▒▒▒▒▒··▒ ▒··▒ ▒···▒
▒·· ▒··▒ ▒··▒▒▒▒···▒
▒·· ▒··▒ ▒·········▒
▒·· ▒▒▒▒▒▒▒··▒
▒·········▒ ▒··
▒···<)···▒▒▒▒(··▒▒▒···▒
▒·· ▒▒▒▒▒)·>········▒
▒···▒ ▒··


You could see an orc warrior and an ogre skeleton.


Message History

The orc priest is heavily wounded.
You hit the orc priest.
The orc priest is almost dead.
You block the orc's attack.
The orc priest hits you but does no damage.
An ogre skeleton comes into view.
You hit the orc priest.
You kill the orc priest!
You block the orc's attack.
The orc warrior hits you from afar with a halberd!
You sock the orc!
You kill the orc!
Something drops a dagger.
Something picks up a glowing mace.
The orc warrior hits you with a halberd!
Something hits you.
You see here a falchion.
You hit the orc warrior but do no damage.
The orc warrior hits you with a halberd!
* * * LOW HITPOINT WARNING * * *
You barely miss the orc warrior.
The orc warrior hits you with a halberd.
* * * LOW HITPOINT WARNING * * *
You hit the orc warrior.
The orc warrior is lightly wounded.
You block its attack. The orc warrior closely misses you.
You furiously retaliate!
You headbutt the orc warrior. Something hits you.
* * * LOW HITPOINT WARNING * * *
The orc warrior hits you from afar with a halberd!
You die...

Action                   |  1- 3 |  4- 6 |  7- 9 || total
-------------------------+-------+-------+-------++-------
Melee: Mace              |   125 |    18 |       ||   143
       Flail             |       |   143 |   174 ||   317
Evoke: Wand              |       |     2 |       ||     2
  Use: Scroll            |     3 |     1 |    10 ||    14
       Potion            |       |       |     3 ||     3
 Stab: Invisible         |       |       |     1 ||     1

Vault maps used:
D:1:      saegor_arrival_simple_C
D:2:      elyvilon_altar_5, lemuel_doored_altar, first_bread
D:3:      roderic_batcave
D:5:      minmay_temple_entry_statues_pillars, uniq_grinder, uniq_blork_the_orc
D:6:      nicolae_ossuary_entry_ruins, lemuel_blue_sif_altar
Temple:   triangle_lava_temple_12
Ossuary:  ossuary_tomb_2

Notes
Turn   | Place    | Note
--------------------------------------------------------------
     0 | D:1      | MackTheKnife, the Minotaur Fighter, began the quest for the Orb.
     0 | D:1      | Reached XP level 1. HP: 19/19 MP: 1/1
   211 | D:1      | Reached skill level 3 in Maces & Flails
   232 | D:1      | Reached XP level 2. HP: 23/26 MP: 1/1
   670 | D:1      | Reached skill level 4 in Maces & Flails
   704 | D:2      | Reached XP level 3. HP: 29/31 MP: 2/2
   731 | D:2      | Found a white marble altar of Elyvilon.
   808 | D:2      | Found a sparkling altar of Nemelex Xobeh.
   911 | D:2      | Reached skill level 5 in Maces & Flails
  1312 | D:3      | Reached XP level 4. HP: 35/39 MP: 2/2
  1446 | D:3      | Reached skill level 6 in Maces & Flails
  1460 | D:3      | Reached XP level 5. HP: 45/45 MP: 2/2
  2327 | D:4      | Reached skill level 7 in Maces & Flails
  2740 | D:4      | Reached XP level 6. HP: 48/51 MP: 3/3
  2745 | D:4      | Noticed an ogre
  2759 | D:4      | Killed an ogre
  2759 | D:4      | Reached skill level 8 in Maces & Flails
  3083 | D:4      | Reached skill level 9 in Maces & Flails
  3106 | D:4      | Paralysed by a giant eyeball for 2 turns
  3269 | D:5      | Entered Level 5 of the Dungeon
  3294 | D:5      | Noticed Blork the orc
  3310 | D:5      | Killed Blork the orc
  3310 | D:5      | Reached XP level 7. HP: 27/57 MP: 3/3
  3604 | D:5      | Reached skill level 10 in Maces & Flails
  3655 | D:5      | Found a staircase to the Ecumenical Temple.
  3674 | Temple   | Entered the Ecumenical Temple
  3755 | Temple   | Became a worshipper of Zin the Law-Giver
  3755 | Temple   | Acquired Zin's first power
  3895 | D:5      | Noticed Grinder
  3907 | D:5      | Reached skill level 4 in Fighting
  3924 | D:5      | Killed Grinder
  3924 | D:5      | Reached skill level 5 in Fighting
  3924 | D:5      | Reached skill level 5 in Armour
  4020 | D:5      | Reached XP level 8. HP: 68/68 MP: 3/3
  4517 | D:6      | Found a deep blue altar of Sif Muna.
  4550 | D:6      | Reached skill level 6 in Fighting
  4658 | D:6      | HP: 7/71 [goliath beetle (25)]
  4878 | D:6      | Found a sand-covered staircase.
  4888 | D:6      | Acquired Zin's second power
  4932 | Ossuary  | Entered an ossuary
  5023 | Ossuary  | Reached skill level 7 in Fighting
  5561 | D:6      | Slain by an orc warrior

Vanquished Creatures
  Grinder (D:5)
  A centaur (D:6)
  2 ogres
  Blork the orc (D:5)
  A vampire bat (D:3)
  2 water moccasin zombies (Ossuary)
  2 orc priests
  3 hounds
  A giant frog skeleton (D:4)
  4 scorpions
  3 worker ants
  3 orc wizards
  2 mummies (Ossuary)
  4 gnolls (D:6)
  7 adders
  4 worms
  A giant mite (D:4)
  6 adder zombies (Ossuary)
  A giant eyeball (D:4)
  20 orcs
  A bat zombie (D:6)
  2 giant cockroaches
  2 gnoll zombies (Ossuary)
  7 goblins
  11 hobgoblins
  9 kobolds
  A ball python skeleton (D:4)
  26 bats
  6 giant geckos
  5 giant newts
  A goblin skeleton (D:4)
  A hobgoblin skeleton (D:5)
  3 hobgoblin zombies (Ossuary)
  8 kobold zombies (Ossuary)
  An orc skeleton (D:6)
  5 orc zombies (Ossuary)
  A quokka (D:4)
  9 rats
168 creatures vanquished.
